 Dungeon Crawl Stone Soup version 0.28-a0-751-gef3a642a4e (webtiles) character file.

Game seed: 1126583417410537724

1110 Johnny the Carver (level 8, -3/57 (64) HPs)
             Began as a Human Berserker on Oct 30, 2021.
             Was a Believer of Trog.
             Slain by a wight (8 damage)
             ... on level 6 of the Dungeon.
             The game lasted 00:03:17 (6362 turns).

Johnny the Carver (Human Berserker)                 Turns: 6362, Time: 00:03:17

HP:   -3/57 (64)    AC:  5    Str: 19    XL:     8   Next: 59%
MP:   8/8           EV: 11    Int:  9    God:    Trog [**....]
Gold: 317           SH:  0    Dex: 12    Spells: 7/7 levels left

rFire   . . .      SeeInvis .   a - +1 falchion
rCold   . . .      Faith    .   (no shield)
rNeg    . . .      Spirit   .   c - +0 ring mail
rPois   .          Reflect  .   (no helmet)
rElec   .          Harm     .   (no cloak)
rCorr   .          Rampage  .   (no gloves)
Will    ++...                   (no boots)
Stlth   +.........              (no amulet)
HPRegen 1.19/turn               (no ring)
MPRegen 0.11/turn               (no ring)

@: strong-willed (expiring), on berserk cooldown, regenerating (expiring),
slowed, heavily drained, very slow
A: no striking features
a: Renounce Religion, Berserk, Trog's Hand


You were on level 6 of the Dungeon.
You worshipped Trog.
Trog was pleased with you.
You visited 1 branch of the dungeon, and saw 6 of its levels.

You collected 317 gold pieces.

Inventory:

Hand Weapons
 a - a +1 falchion (weapon)
Armour
 c - a +0 ring mail (worn)
Wands
 o - a wand of flame (16)
Scrolls
 b - 7 scrolls of identify {unknown}
 d - a scroll of enchant weapon
 i - a scroll of noise {unknown}
 k - 2 scrolls of fog {unknown}
 l - a scroll of teleportation {unknown}
 p - a scroll of enchant armour {unknown}
Potions
 f - 2 potions of degeneration
 g - a potion of brilliance
 j - a potion of curing
 m - a potion of lignification {unknown}
 n - a potion of attraction {unknown}
 q - a potion of heal wounds {unknown}


   Skills:
 + Level 6.2 Fighting
 * Level 8.4 Long Blades
 - Level 2.0 Armour
 - Level 2.0 Dodging


You had 7 spell levels left.
You didn't know any spells.
Your spell library was empty.

Dungeon Overview and Level Annotations

Branches:
Dungeon (6/15)
 Temple: D:4-7

Altars:
Fedhas

Shops:
D:1 [


Message History

The wight hits you from afar with a +5 trident of freezing!
You feel drained. The wight freezes you. The wight misses you.
You barely miss the wight.
The wight is severely damaged.
You slash the wight!
You destroy the wight!
Trog accepts your kill. The wight barely misses you.
The wight hits you with a +0 morningstar!
You feel drained.
You closely miss the wight.
The wight hits you from afar with a +5 trident of freezing!
The wight freezes you.
The wight hits you with a +0 morningstar.
You closely miss the wight. The wight barely misses you.
You feel a strong urge to attack something.
The wight hits you with a +0 morningstar!
You are no longer berserk.
You are exhausted.
You feel yourself slow down.
As you read the scroll labelled SYAMNOWUTU, it crumbles to dust.
It is a scroll of enchant weapon.
Your +0 falchion glows red for a moment.
As you read the scroll labelled YGOIDEO OBOQE, it crumbles to dust.
You assume a fearsome visage.
The wight is unaffected. x2
It was a scroll of fear.
You feel the effects of Trog's Hand fading.
The wight misses you.
As you read the scroll labelled VOTUC WAFENT, it crumbles to dust.
The creatures around you are filled with an inner flame!
It was a scroll of immolation.
The wight hits you from afar with a +5 trident of freezing!
* * * LOW HITPOINT WARNING * * *
You feel drained.
* * * LOW HITPOINT WARNING * * *
The wight freezes you.
* * * LOW HITPOINT WARNING * * *
The wight hits you with a +0 morningstar!
You die...

## ... ....
.....####
......))##########
....##..........#
.....##zz.......##
.........@.......#
.....#............
##..............#
##.............#
................#
.................#
.................#
...........###...#
...........##......


You could see 2 wights.

Vanquished Creatures
  A black bear (D:5)
  A hornet zombie (D:3)
  An ogre (D:5)
  A necrophage (D:4)
  A bullfrog (D:6)
  A scorpion (D:5)
  A water moccasin skeleton (D:6)
  2 wights (D:6)
  A howler monkey (D:4)
  2 hounds
  A jelly (D:5)
  3 iguanas (D:4)
  An orc wizard (D:4)
  Terence (D:3)
  Natasha (thrice) (D:3)
  A hound skeleton (D:4)
  9 adders
  A shadow imp (D:3)
  2 adder skeletons (D:4)
  5 dart slugs
  6 orcs
  6 endoplasms
  A giant cockroach (D:4)
  5 goblins
  4 hobgoblins
  2 jackals (D:1)
  3 quokkas
  5 ball pythons
  A frilled lizard (D:1)
  4 kobolds
  7 rats
83 creatures vanquished.

Vanquished Creatures (others)
  9 plants (D:2)
  16 withered plants (D:2)
25 creatures vanquished.

Grand Total: 108 creatures vanquished

Notes
Turn   | Place    | Note
-------+----------+-------------------------------------------
     0 | D:1      | Johnny the Human Berserker began the quest for the Orb.
     0 | D:1      | Reached XP level 1. HP: 18/18 MP: 1/1
    83 | D:1      | Found Yqucuff's Armour Boutique.
   240 | D:1      | Reached XP level 2. HP: 23/24 MP: 2/2
   797 | D:2      | Reached XP level 3. HP: 29/29 MP: 3/3
  1133 | D:2      | Reached skill level 4 in Long Blades
  1615 | D:2      | Reached XP level 4. HP: 36/36 MP: 4/4
  1996 | D:2      | Found a faded altar of an unknown god.
  2205 | D:2      | Reached ** piety under Trog
  2812 | D:3      | Noticed Terence
  2813 | D:3      | Noticed Natasha
  2822 | D:3      | Killed Terence
  2823 | D:3      | Reached XP level 5. HP: 42/42 MP: 5/5
  2826 | D:3      | Killed Natasha
  2836 | D:3      | Noticed Natasha
  2847 | D:3      | Killed Natasha
  2848 | D:3      | Reached skill level 5 in Long Blades
  2874 | D:3      | Noticed Natasha
  2887 | D:3      | Killed Natasha
  3024 | D:3      | Reached XP level 6. HP: 12/49 MP: 6/6
  4190 | D:4      | Reached skill level 6 in Long Blades
  4261 | D:4      | Reached XP level 7. HP: 30/55 MP: 7/7
  4493 | D:4      | Reached skill level 5 in Fighting
  5129 | D:4      | Reached skill level 7 in Long Blades
  5633 | D:5      | Entered Level 5 of the Dungeon
  5681 | D:5      | Reached XP level 8. HP: 54/63 MP: 8/8
  5994 | D:5      | Found a blossoming altar of Fedhas.
  6280 | D:6      | Reached skill level 8 in Long Blades
  6362 | D:6      | Slain by a wight

Illustrated notes

Levels and vault maps discovered:
D:1:      dpeg_arrival_windows_large_door, layout_loops_cross, serial_shops,
          nicolae_square_shop
D:2:      layout_basic, shapermc_ecumenical_altar_flowoftime, serial_forest,
          infiniplex_forest_lined_3, infiniplex_forest_lined_3_way,
          infiniplex_forest_straight_4, infiniplex_forest_clump_tiny,
          infiniplex_forest_end_2, infiniplex_forest_end_1,
          infiniplex_forest_end_2, minmay_diced_spiral
D:3:      layout_loops_ring, uniq_natasha, uniq_terence
D:4:      minmay_spotlight, layout_basic
D:5:      layout_rooms, mainiacjoe_overflow_24_doors
D:6:      layout_rooms, gup_sewer_entry_bowl

Skill      XL: |  1  2  3  4  5  6  7  8 |
---------------+-------------------------+-----
Long Blades    | 4 5 6 7 8 |  8.4
Fighting       | 4 5 6 |  6.2
Armour         | |  2.0
Dodging        | |  2.0

Action                   |  1- 3 |  4- 6 |  7- 9 || total
-------------------------+-------+-------+-------++-------
Melee: Falchion          |    81 |   135 |   151 ||   367
Invok: Berserk           |     3 |     3 |     7 ||    13
       Trog's Hand       |       |     2 |     2 ||     4
Evoke: Wand              |       |       |     1 ||     1
  Use: Potion            |       |     2 |       ||     2
       Scroll            |       |       |     3 ||     3
Armor: Animal skin       |     5 |       |       ||     5
       Ring mail         |    22 |    38 |    41 ||   101
Dodge: Dodged            |    49 |    59 |    85 ||   193

Table legend: (Time is in decaauts)
 A = Elapsed time spent in this place.
 B = Non-inter-level travel time spent in this place.
 C = Inter-level travel time spent in this place.
 D = Time resting spent in this place.
 E = Time spent auto-exploring this place.
 F = Levels seen in this place.
 G = Mean time per level.
                   A        B        C        D        E       F      G
               +--------+--------+--------+--------+--------+-----+--------+
         Total |   6492 |   6409 |     83 |   1625 |   4070 |   6 | 1082.0 |
       Dungeon |   6492 |   6409 |     83 |   1625 |   4070 |   6 | 1082.0 |
               +--------+--------+--------+--------+--------+-----+--------+

Top non-repeatable levels by time:
     D:2: 2018 daAuts
     D:4: 1526 daAuts
     D:3: 1408 daAuts
     D:1: 789 daAuts
     D:5: 652 daAuts
     D:6: 97 daAuts
